AoeStats
← swoz

Black Forest

507512716Analyzed
2v2 RM · 14d ago on Sep 18, 2026· 55m 55s· 4 players
Game mode
Random Map
Map size
Medium (4 player)
Population
200
Speed
Normal
Resources
Standard
Victory
Conquest
Starting age
Dark Age
Ending age
Imperial Age
RankedLock teamsTeams togetherTeam positionsShared explorationLock speedFull tech treeHidden civsTurbo modeCheats
Victory
Defeat
🇩🇪 Persians · Germany
946
+16
🇩🇪 Britons · Germany
906
+17
🇪🇸 Spanish · Spain
963
-39
🇪🇸 Khmer · Spain
918
-16
swoz
10:07 Feudal Age
14:48 Castle Age
14:00 Double-Bit Axe
13:56 Horse Collar
15:47 Loom
16:38 Wheelbarrow
15:49 Town Watch
17:45 Heavy Plow
19:27 Bow Saw
19:44 Stone Mining
21:42 Hand Cart
22:08 Gold Mining
23:58 Gold Shaft Mining
24:57 Fletching
25:08 Padded Archer Armor
26:42 Town Patrol
27:30 Bodkin Arrow
28:42 Caravan
30:26 Yeomen
30:25 Leather Archer Armor
34:50 Imperial Age
32:38 Forging
32:28 Scale Mail Armor
32:56 Squires
32:43 Arson
32:44 Gambesons
33:40 Ballistics
34:52 Iron Casting
34:32 Chain Mail Armor
33:41 Man-at-Arms
33:41 Pikeman
36:10 Conscription
36:22 Warwolf
35:51 Long Swordsman
35:52 Halberdier
37:10 Two-Handed Swordsman
38:35 Bracer
39:07 Elite Longbowman
41:17 Two-Man Saw
41:10 Champion
43:53 Chemistry
43:16 Siege Engineers
46:00 Ring Archer Armor
46:31 Blast Furnace
46:01 Plate Mail Armor
Beritch
10:18 Feudal Age
15:04 Castle Age
13:33 Horse Collar
13:38 Double-Bit Axe
23:01 Bow Saw
25:24 Gold Mining
25:25 Stone Mining
27:32 Stone Shaft Mining
28:28 Heavy Plow
31:14 Wheelbarrow
30:24 Loom
30:25 Town Watch
34:29 Imperial Age
32:17 Hand Cart
33:12 Forging
33:07 Scale Barding Armor
33:51 Caravan
34:06 Elite War Elephant
35:10 Conscription
35:24 Guilds
36:48 Iron Casting
36:33 Chain Barding Armor
40:34 Blast Furnace
42:32 Plate Barding Armor
diegomarmol320
4:03 Loom
11:05 Feudal Age
13:43 Double-Bit Axe
15:02 Wheelbarrow
23:24 Castle Age
21:39 Scale Mail Armor
22:18 Forging
24:04 Horse Collar
24:40 Bow Saw
24:30 Fletching
27:04 Caravan
26:59 Stone Mining
27:04 Gold Mining
28:59 Hand Cart
28:12 Pikeman
28:52 Gambesons
31:30 Iron Casting
33:09 Stone Shaft Mining
35:23 Squires
40:57 Imperial Age
39:24 Coinage
40:18 Scale Barding Armor
42:17 Elite Conquistador
45:05 Supremacy
45:30 Hoardings
46:23 Two-Man Saw
46:26 Chemistry
45:17 Arrowslits
47:28 Halberdier
ROKET_RS7
0:27 Loom
11:32 Feudal Age
18:44 Castle Age
16:31 Horse Collar
18:07 Double-Bit Axe
20:07 Wheelbarrow
26:26 Heavy Plow
29:25 Padded Archer Armor
29:15 Fletching
29:46 Bow Saw
29:39 Gold Mining
30:43 Leather Archer Armor
31:37 Ballistics
31:30 Pikeman
33:11 Murder Holes
35:48 Imperial Age
33:48 Bodkin Arrow
34:05 Scale Mail Armor
34:26 Stone Mining
35:38 Hand Cart
36:53 Gold Shaft Mining
37:01 Ring Archer Armor
36:31 Bracer
36:03 Capped Ram
37:47 Conscription
37:44 Siege Ram
38:39 Bracer
39:54 Chemistry
39:27 Double Crossbow
41:51 Fortified Wall
42:01 Chain Mail Armor
41:57 Forging
42:49 Halberdier
44:13 Light Cavalry
45:03 Bloodlines
48:34 Iron Casting
48:39 Onager
49:58 Caravan
53:38 Blast Furnace
Connection lost

Rejoining the realm…

Still unreachable

The connection could not be restored.

Session expired

The server has moved on; the page needs a fresh start.